 Dungeon Crawl Stone Soup version 0.27-a0-1456-gf5a116941d (webtiles) character file.

Game seed: 15413870710833562791

7212 avis the Martial Artist (level 10, 0/77 HPs)
             Began as a Demigod Transmuter on July 7, 2021.
             Slain by a red devil (9 damage)
             ... on level 10 of the Dungeon.
             The game lasted 01:19:41 (12300 turns).

avis the Martial Artist (Demigod Transmuter)       Turns: 12300, Time: 01:19:45

Health: 0/77       AC:  6    Str: 21    XL:     10   Next: 57%
Magic:  0/21       EV: 15    Int: 15    God:
Gold:   438        SH:  0    Dex: 22    Spells: 6/19 levels left

rFire    x . .     SeeInvis .   b - +1 arbalest (freeze)
rCold    + . .     Faith    .   (shield currently unavailable)
rNeg     . . .     Spirit   +   v - +0 troll leather armour
rPois    .         Reflect  .   (no helmet)
rElec    .         Harm     .   V - +1 cloak
rCorr    .         Rampage  .   (no gloves)
Will     +....                  (no boots)
Stlth    ++........             f - amulet of guardian spirit
HPRegen  1.22/turn              d - ring of ice
MPRegen  0.17/turn              g - +6 ring of strength

@: lethally poisoned (0 -> -11), hasted, very quick
A: high mp 1, forlorn
a: no special abilities


You were on level 10 of the Dungeon.
You visited 2 branches of the dungeon, and saw 11 of its levels.
You also visited: Ossuary.

You collected 464 gold pieces.
You spent 26 gold pieces at shops.

Inventory:

Hand Weapons
 b - a +1 arbalest of freezing (weapon)
 c - a +2 dagger of chaos
 k - a +1 vampiric demon trident
Missiles
 n - 61 bolts (quivered ammo)
 o - 6 boomerangs of dispersal
 z - 2 throwing nets
Armour
 j - a +2 robe of willpower
 v - a +0 troll leather armour (worn)
 V - a +1 cloak (worn)
Jewellery
 d - a ring of ice (left hand)
 f - an amulet of guardian spirit (around neck)
 g - a +6 ring of strength (right hand)
 T - the ring "Wox Kaegg" {Fly rN+}
   (You found it on level 6 of the Dungeon)

   [ring of flight]

   rN:        It protects you from negative energy.
   Fly:       It grants you flight.
Wands
 t - a wand of flame (23)
 x - a wand of mindburst (7)
 K - a wand of digging (4)
Scrolls
 a - a scroll of fear {unknown}
 h - a scroll of immolation {unknown}
 p - 2 scrolls of teleportation
 y - a scroll of summoning {unknown}
 F - a scroll of fog {unknown}
 J - 2 scrolls of magic mapping {unknown}
 M - 2 scrolls of silence {unknown}
 N - a scroll of noise {unknown}
 R - 2 scrolls of blinking {unknown}
Potions
 e - 2 potions of attraction {unknown}
 i - 2 potions of magic {unknown}
 m - 2 potions of berserk rage {unknown}
 s - a potion of ambrosia
 A - a potion of haste
 C - 3 potions of cancellation
 D - 3 potions of brilliance
 E - a potion of curing {unknown}
 L - a potion of flight {unknown}


   Skills:
 * Level 3.1 Fighting
 - Level 5.0 Dodging
 - Level 2.0 Stealth
 - Level 10.0 Unarmed Combat
 - Level 5.0 Spellcasting
 - Level 8.0 Transmutations
 - Level 4.0 Ice Magic
 - Level 2.0 Poison Magic


You had 6 spell levels left.
You knew the following spells:

 Your Spells              Type           Power      Damage    Failure   Level
a - Beastly Appendage     Tmut           54%        N/A       1%          1
p - Spider Form           Tmut/Pois      9%         N/A       7%          3
q - Ice Form              Ice/Tmut       32%        N/A       16%         4
B - Blade Hands           Tmut           13%        N/A       19%         5

Your spell library contained the following spells:

 Spells                   Type           Power      Damage    Failure   Level
 Wereblood                Tmut           27%        N/A       1%          2
 Pain                     Necr           12%        1d4       19%         1
 Call Canine Familiar     Summ           3%         N/A       50%         3
 Portal Projectile        Hex/Tloc       6%         N/A       50%         3
 Irradiate                Conj/Tmut      7%         3d16      69%         5
 Leda's Liquefaction      Hex/Erth       1%         N/A       88%         4
 Agony                    Necr           3%         N/A       99%         5
 Excruciating Wounds      Necr           1%         N/A       99%         5
 Dragon Form              Tmut           13%        N/A       99%         7


Dungeon Overview and Level Annotations

Branches:
Dungeon (10/15)            Temple (1/1) D:6         Ossuary (visited)
   Lair: D:8-11         Orc: D:9-12

Shops:
D:5 **

Annotations:
D:8 3 runed translucent doors


Innate Abilities, Weirdness & Mutations

Your attributes grow dramatically as you level up.
You have an increased reservoir of magic. (+10% MP)
You shall have no god before yourself.


Message History

You barely miss the orange demon.
The orange demon is lightly wounded.
Your transformation is almost over.
You feel very sick. The orange demon stings you.
* * * LOW HITPOINT WARNING * * *
The orange demon closely misses you. The orange demon stings you!
* * * LOW HITPOINT WARNING * * *
The orange demon misses you.
You feel sick.
The orange demon stings you but does no damage.
The orange demon stings you from afar.
* * * LOW HITPOINT WARNING * * *
You feel sick.
You feel sick.
You are confused.
You feel invigorated.
You feel sick.
The red devil hits you with a +0 trident!
* * * LOW HITPOINT WARNING * * *
You slash the red devil!
The red devil is heavily wounded.
You feel sick.
The red devil hits you from afar with a +0 trident.
You feel less invigorated.
You feel less confused.
You feel sick.
The red devil hits you from afar with a +0 trident!
* * * LOW HITPOINT WARNING * * *
The orange demon stings you from afar.
* * * LOW HITPOINT WARNING * * *
You are lethally poisoned!
The orange demon poisons you!
It was a potion of haste.
You feel yourself speed up.
Your hands revert to their normal proportions.
Your +1 arbalest of freezing unmelds from your body.
Your +1 arbalest of freezing is covered in frost.
* * * LOW HITPOINT WARNING * * *
You feel very sick.
The red devil hits you from afar with a +0 trident!!
You die...

.....#...........##
..................#
..................#
.......####.......##
#....##..##.......#
#...?#....#....#..##
... #..4.#........#
#.. #44##........#
#...#..#.@.....#..#
.......44..........#
........4...........#
.....#..#...........#
....##..##........[..
##..#=..$#.......>...
#. #|..(#...........
# ##..##...........
#.. .......


You could see 2 orange demons and a red devil.

Vanquished Creatures
  2 orange demons (D:10)
  Psyche (D:9)
  2 polar bears (D:8)
  A red devil (D:10)
  A troll (D:9)
  Grinder (D:5)
  A hornet (D:9)
  Sigmund (D:5)
  A wraith (D:9)
  A shadow (D:9)
  A wyvern (D:10)
  5 humans
  A steam dragon (D:7)
  An acid dragon (D:6)
  2 water moccasins
  A black bear (D:6)
  3 ice beasts (D:8)
  3 orc warriors
  4 ogres
  2 wolves (D:8)
  2 centaurs
  A phantom (D:5)
  2 kobold brigands (D:9)
  An elf zombie (Ossuary)
  A gnoll sergeant (D:6)
  4 scorpions
  7 killer bees
  3 wights
  A bullfrog zombie (D:6)
  2 centaur zombies
  A centaur skeleton (D:6)
  3 hounds (D:5)
  2 human zombies (Ossuary)
  A jelly (D:6)
  Crazy Yiuf (D:6)
  3 orc priests
  2 iguanas
  A bullfrog skeleton (D:6)
  Terence (D:3)
  5 orc wizards
  A killer bee zombie (D:8)
  2 centaur simulacra (D:8)
  A hound skeleton (D:4)
  2 mummies (Ossuary)
  A killer bee simulacrum (D:8)
  3 howler monkey zombies
  5 adders
  8 gnolls
  2 white imps (D:7)
  3 ufetubi
  An adder zombie (Ossuary)
  3 worms
  A dart slug (D:1)
  19 orcs
  6 endoplasms
  5 giant cockroaches
  5 goblins
  4 hobgoblins
  6 jackals (D:1)
  A quokka (D:4)
  10 ball pythons
  7 bats
  3 frilled lizards
  A goblin zombie (Ossuary)
  8 hobgoblin zombies (Ossuary)
  A jackal zombie (Ossuary)
  16 kobolds
  14 kobold zombies (Ossuary)
  6 orc zombies (Ossuary)
  3 rats (D:2)
  2 rat zombies (Ossuary)
  A spectral orc (D:4)
230 creatures vanquished.

Notes
Turn   | Place    | Note
-------+----------+-------------------------------------------
     0 | D:1      | avis the Demigod Transmuter began the quest for the Orb.
     0 | D:1      | Reached XP level 1. HP: 15/15 MP: 5/5
   131 | D:1      | Reached skill level 3 in Unarmed Combat
   265 | D:1      | Reached XP level 2. HP: 16/22 MP: 5/7
   668 | D:1      | You fall into a shaft and drop 1 floor!
  1286 | D:2      | Reached XP level 3. HP: 27/27 MP: 5/8
  1312 | D:2      | Learned a level 3 spell: Spider Form
  1645 | D:2      | Reached skill level 4 in Unarmed Combat
  1892 | D:2      | Reached skill level 1 in Poison Magic
  2387 | D:3      | Noticed Terence
  2401 | D:3      | Killed Terence
  2402 | D:3      | Reached XP level 4. HP: 9/34 MP: 2/9
  2628 | D:3      | Noticed a centaur
  2792 | D:3      | Killed a centaur
  2793 | D:3      | Reached skill level 1 in Stealth
  2793 | D:3      | Reached XP level 5. HP: 28/39 MP: 5/10
  3597 | D:4      | Found a sand-covered staircase.
  3607 | Ossuary  | Entered an ossuary
  3846 | Ossuary  | Reached skill level 1 in Fighting
  3846 | Ossuary  | Reached XP level 6. HP: 29/48 MP: 6/11
  4501 | D:5      | Entered Level 5 of the Dungeon
  4659 | D:5      | Reached XP level 7. HP: 41/55 MP: 5/13
  4660 | D:5      | Reached skill level 5 in Unarmed Combat
  4672 | D:5      | Noticed Sigmund
  4687 | D:5      | Killed Sigmund
  4792 | D:5      | Learned a level 4 spell: Ice Form
  4985 | D:5      | Reached skill level 6 in Unarmed Combat
  5372 | D:5      | Found Urchint's General Store.
  5375 | D:5      | Found Ykotefa's Specific Store.
  5381 | D:5      | Bought a scroll of identify for 26 gold pieces
  5459 | D:5      | Reached skill level 7 in Unarmed Combat
  5612 | D:6      | Noticed Grinder
  5830 | D:5      | Paralysed by Grinder for 6 turns
  5836 | D:5      | Killed Grinder
  5837 | D:5      | Reached XP level 8. HP: 46/61 MP: 8/14
  5912 | D:6      | Reached skill level 8 in Unarmed Combat
  6004 | D:6      | Found a staircase to the Ecumenical Temple.
  6038 | D:6      | Reached skill level 5 in Transmutations
  6044 | D:6      | Reached skill level 1 in Ice Magic
  6680 | D:6      | Identified the ring "Wox Kaegg" {Fly rN+}
  6817 | D:6      | Found a runed translucent door.
  6818 | D:6      | Noticed Crazy Yiuf
  6824 | D:6      | Killed Crazy Yiuf
  7056 | Temple   | Entered the Ecumenical Temple
  7290 | D:7      | Reached XP level 9. HP: 20/67 MP: 4/15
  7406 | D:7      | Reached skill level 5 in Dodging
  9260 | D:8      | Reached skill level 9 in Unarmed Combat
  9344 | D:7      | Learned a level 5 spell: Blade Hands
  9796 | D:8      | Reached XP level 10. HP: 75/75 MP: 12/17
 10337 | D:8      | Found a runed translucent gate.
 10337 | D:8      | Found a runed translucent gate.
 10337 | D:8      | Found a runed translucent gate.
 10337 | D:8      | Noticed a brown ugly thing
 10338 | D:8      | Noticed a green ugly thing
 10340 | D:8      | Noticed a cyan ugly thing
 10340 | D:8      | Noticed a brown ugly thing
 10342 | D:8      | Noticed a glowing orange brain
 11028 | D:9      | Reached skill level 10 in Unarmed Combat
 11864 | D:10     | Entered Level 10 of the Dungeon
 11928 | D:10     | Noticed Psyche
 11935 | D:9      | Killed Psyche
 12291 | D:10     | Reached skill level 5 in Spellcasting
 12300 | D:10     | Slain by a red devil

Illustrated notes

Levels and vault maps discovered:
D:1:      minmay_arrival_four_loops, layout_basic
D:2:      minmay_angry_zag, layout_loops_ring,
          shapermc_ecumenical_altar_mp_ritualfount
D:3:      layout_loops_ring, nicolae_overflow_crystal_walls, uniq_terence
D:4:      layout_cave_pools, yredelemnul_forgotten_temple_becter,
          marbit_many_paths, nicolae_ossuary_entry_ruins
D:5:      layout_loops_ring, nicolae_specific_store, minmay_misc_feat_room,
          uniq_sigmund
D:6:      layout_loops_ring, minmay_temple_entry_poolview,
          kennysheep_generic_room_5, uniq_grinder, uniq_crazy_yiuf_cottage
D:7:      layout_layer_cave, ashenzari_altar_1, minmay_ruffians
D:8:      layout_cave_pools, grunt_temple_overflow_open, serial_ice,
          serial_ice_f, serial_ice_m, serial_ice_g, serial_ice_l, serial_ice_d,
          serial_ice_a, serial_ice_e, serial_ice_h,
          ploomutoo_gammafunk_ghost_potion_laboratory
D:9:      layout_long_grid, nicolae_qazlal_general_emergency,
          lemuel_crystal_altar, minmay_misc_feat_hallway
D:10:     minmay_the_grid_triangle_9x9_rhombus_thin
          [minmay_the_grid_triangle_9x9_swiss_cheese,
          minmay_the_grid_triangle_9x9_prize_schism,
          minmay_the_grid_triangle_9x9_checkered,
          minmay_the_grid_triangle_9x9_minimal], layout_layer_cave,
          dk_noncrumbling_4, skrybe_limestone_x, minmay_beelzebubs_servants,
          uniq_harold, uniq_psyche
Temple:   dshaligram_water_room_temple

Skill      XL: |  1  2  3  4  5  6  7  8  9 10 |
---------------+-------------------------------+-----
Unarmed Combat | 3 4 7 8 9 10 | 10.0
Spellcasting   | 2 3 5 |  5.0
Transmutations | 2 3 4 6 7 8 |  8.0
Poison Magic   | 1 2 |  2.0
Stealth        | 1 2 |  2.0
Fighting       | 1 2 3 |  3.1
Dodging        | 3 5 |  5.0
Ice Magic      | 4 |  4.0

Action                   |  1- 3 |  4- 6 |  7- 9 | 10-12 || total
-------------------------+-------+-------+-------+-------++-------
Melee: Unarmed           |   107 |    75 |   225 |    67 ||   474
       Kick              |    23 |    16 |     5 |     4 ||    48
       Headbutt          |    12 |    11 |     4 |     4 ||    31
       Punch             |       |     2 |     2 |     2 ||     6
 Fire: Arbalest          |       |    95 |    98 |    48 ||   241
 Cast: Beastly Appendage |    38 |    16 |     6 |     5 ||    65
       Spider Form       |     1 |     6 |    30 |     6 ||    43
       Ice Form          |       |       |     4 |     2 ||     6
       Blade Hands       |       |       |       |     2 ||     2
Evoke: Wand              |       |       |       |     1 ||     1
  Use: Scroll            |       |     8 |     4 |     1 ||    13
       Potion            |       |       |       |     2 ||     2
 Stab: Sleeping          |     1 |     1 |       |       ||     2
Armor: Robe              |     4 |       |       |       ||     4
       Leather armour    |    20 |     3 |       |       ||    23
       Skin              |       |     3 |    20 |     4 ||    27
       Troll leather arm |       |    32 |    24 |    12 ||    68
Dodge: Dodged            |    47 |   114 |   288 |    97 ||   546

Table legend: (Time is in decaauts)
 A = Elapsed time spent in this place.
 B = Non-inter-level travel time spent in this place.
 C = Inter-level travel time spent in this place.
 D = Time resting spent in this place.
 E = Time spent auto-exploring this place.
 F = Levels seen in this place.
 G = Mean time per level.
                   A        B        C        D        E       F      G
               +--------+--------+--------+--------+--------+-----+--------+
         Total |  12503 |  11126 |   1377 |   2239 |   5276 |  12 | 1041.9 |
       Dungeon |  11894 |  10518 |   1376 |   2239 |   5276 |  10 | 1189.4 |
        Temple |     58 |     57 |      1 |      0 |      0 |   1 |   58.0 |
       Ossuary |    550 |    550 |      0 |      0 |      0 |   1 |  550.0 |
               +--------+--------+--------+--------+--------+-----+--------+

Top non-repeatable levels by time:
     D:7: 2231 daAuts
     D:6: 1540 daAuts
     D:2: 1491 daAuts
     D:5: 1411 daAuts
     D:8: 1231 daAuts
     D:9: 1207 daAuts
     D:1: 1173 daAuts
     D:3: 772 daAuts
     D:4: 630 daAuts
 Ossuary: 550 daAuts
    D:10: 203 daAuts
  Temple: 58 daAuts
